 Dungeon Crawl Stone Soup version 0.32-a0-913-g739538afd8 (console) character file.

Game seed: 7940357985307200262

670 Marr the Apothecary (level 7, -2/33 HPs)
             Began as a Spriggan Alchemist on Apr 5, 2024.
             Was a Priest of Lugonu.
             Slain by Prince Ribbit (15 damage)
             ... on level 5 of the Dungeon on Apr 8, 2024.
             The game lasted 02:00:10 (4532 turns).

Marr the Apothecary (Spriggan Alchemist)            Turns: 4532, Time: 02:00:11

Health: -2/33      AC:  6    Str:  4    XL:     7   Next: 32%
Magic:  10/16      EV: 18    Int: 19    God:    Lugonu [***...]
Gold:   356        SH:  0    Dex: 21    Spells: 10/16 levels left

rFire   . . .        c - +0 short sword
rCold   . . .        (no shield)
rNeg    . . .        a - +0 robe
rPois   .            (helmet restricted)
rElec   .            v - +1 cloak
rCorr   .            (gloves unavailable)
SInv    +            (boots unavailable)
Will    +....        (no amulet)
Stlth   +++          d - +6 ring of dexterity
HPRegen 0.25/turn    (no ring)
MPRegen 0.15/turn

%: no passive effects
@: very quick
A: very small, no large weapons, unfitting armour, see invisible, speed 3,
iridescent scales 1, sense surroundings 2
a: Renounce Religion, Depart the Abyss, Banish


You were on level 5 of the Dungeon.
You worshipped Lugonu.
Lugonu was most pleased with you.
You visited 1 branch of the dungeon, and saw 5 of its levels.

You collected 356 gold pieces.

Inventory:

Hand Weapons
 c - a +0 short sword (weapon)
 t - a +1 dagger of speed
Missiles
 i - 16 stones
 l - 12 boomerangs
 q - 5 poisoned darts
Armour
 a - a +0 robe (worn)
 v - a +1 cloak (worn)
Jewellery
 d - a +6 ring of dexterity (left hand)
Wands
 o - a wand of polymorph (4) (quivered)
 u - a wand of flame (16)
Scrolls
 e - 3 scrolls of teleportation
 f - 2 scrolls of enchant weapon
 k - a scroll of blinking
 p - a scroll of fog
 r - a scroll of poison {unknown}
 s - 2 scrolls of revelation
 y - 3 scrolls of silence
Potions
 b - a potion of magic
 g - 2 potions of attraction
 h - a potion of berserk rage {unknown}
 j - a potion of haste {unknown}
 m - 3 potions of mutation
 n - 3 potions of curing {unknown}
 w - a potion of heal wounds {unknown}
 x - a potion of might {unknown}


   Skills:
 + Level 1.3 Fighting
 + Level 2.1 Short Blades
 + Level 0.1 Polearms
 + Level 0.2 Throwing
 + Level 3.6 Dodging
 + Level 4.8 Stealth
 + Level 0.1 Unarmed Combat
 + Level 5.3 Spellcasting
 + Level 2.2 Conjurations
 - Level 0.5 Air Magic
 + Level 5.6 Alchemy
 + Level 0.3 Evocations


You had 10 spell levels left.
You knew the following spells:

 Your Spells              Type           Power      Damage    Failure   Level
a - Sting                 Conj/Alch      80%        1d8       2%          1
b - Mercury Vapours       Alch/Air       32%        N/A       4%          2
c - Mephitic Cloud        Conj/Alch/Air  15%        N/A       12%         3

Your spell library contained the following spells:

 Spells                   Type           Power      Damage    Failure   Level
 Magic Dart               Conj           52%        1d5       4%          1
 Olgreb's Toxic Radiance  Alch           26%        N/A       12%         4
 Blink                    Tloc           10%        N/A       19%         2
 Call Imp                 Summ           10%        N/A       19%         2
 Stone Arrow              Conj/Erth      18%        3d8       22%         3
 Sticky Flame             Fire/Alch      15%        2d5       36%         4
 Animate Armour           Summ/Erth      10%        N/A       75%         4
 Lehudib's Crystal Spear  Conj/Erth      4%         10d3      100%        8
 Chain Lightning          Conj/Air       5%         3d6       100%        9
 Fire Storm               Conj/Fire      4%         8d1       100%        9
 Shatter                  Erth           2%         3d6*      100%        9


Dungeon Overview and Level Annotations

Branches:
Dungeon (5/15)
 Temple: D:4-7

Altars:
Cheibriados
Hepliaklqana
Kikubaaqudgha
Trog
Zin
Lugonu

Annotations:
D:5 Prince Ribbit


Innate Abilities, Weirdness & Mutations

You are very small and have problems with some larger weapons.
You are too small for most types of armour.
You have supernaturally acute eyesight. (SInv)
You cover ground extremely quickly. (Speed+++)
You are partially covered in iridescent scales. (AC +2)
You passively map the area around you.


Message History

You see here a +0 short sword.
Prince Ribbit blinks!
Prince Ribbit attacks as he pursues you!
Prince Ribbit closely misses you.
Prince Ribbit croaks regally.
There is an open door here.
Prince Ribbit blinks!
There is an open door here.
Press: ? - help, v - describe, . - travel The floor.
There is a cloud of translocational energy here.
Prince Ribbit blinks!
There is an open door here.
Casting: Sting (safe; 2% risk of failure)
Confirm with . or Enter, or press ? or * to list all spells.
Aiming: Sting (safe; 2% risk of failure)
Press: ? - help, Shift-Dir - straight line, f - Prince Ribbit
Aim: Prince Ribbit (lightly wounded, 57% to hit)
The sting hits Prince Ribbit.
Prince Ribbit is poisoned.
Prince Ribbit is moderately wounded.
Casting: Sting (safe; 2% risk of failure)
Confirm with . or Enter, or press ? or * to list all spells.
Aiming: Sting (safe; 2% risk of failure)
Press: ? - help, Shift-Dir - straight line, f/p - Prince Ribbit
Aim: Prince Ribbit (moderately wounded, poisoned, 57% to hit)
The sting hits Prince Ribbit.
Prince Ribbit looks even sicker.
Prince Ribbit is moderately wounded.
Prince Ribbit hits you!
Prince Ribbit croaks regally.
You see here 3 stones.
Casting: Sting (safe; 2% risk of failure)
Confirm with . or Enter, or press ? or * to list all spells.
Aiming: Sting (safe; 2% risk of failure)
Press: ? - help, Shift-Dir - straight line, f/p - Prince Ribbit
Aim: Prince Ribbit (heavily wounded, poisoned, 57% to hit)
The sting misses Prince Ribbit.
Prince Ribbit blinks!
Prince Ribbit attacks as he pursues you!
Prince Ribbit hits you!
You die...

#### ...# ##.# ##.# ...# *
...# * ...############# *
...'...(....§..##########+##
##############......<......# #
##_###_## #.F....(......#
##ß...ß...ß###..@..........#
##.........###.............#
#ß.........>#..#......###.....
##.........##..#.#....# *#####
* ##ß...ß...ß###.#.#....# *
**#_###_# #..#.#....# , # #
####.#....# , #.###'## ** **
##### #.# , , ....# #.#
############## ####....#
#.###.............


You could see Prince Ribbit (poisoned).

Vanquished Creatures
  A phantom (D:5)
  2 scorpions
  An orc priest (D:5)
  2 hounds
  A sleepcap (D:5)
  5 iguanas
  8 gnolls
  4 adders
  A shadow imp (D:5)
  A dart slug (D:4)
  3 ribbon worms
  13 orcs (D:5)
  7 ball pythons
  5 endoplasms
  4 giant cockroaches
  7 goblins
  6 hobgoblins
  6 jackals (D:1)
  2 quokkas
  5 bats
  2 frilled lizards (D:3)
  6 kobolds
  8 rats
100 creatures vanquished.

Vanquished Creatures (collateral kills)
  An adder (D:5)
1 creature vanquished.

Grand Total: 101 creatures vanquished

Notes
Turn   | Place    | Note
-------+----------+-------------------------------------------
     0 | D:1      | Marr the Spriggan Alchemist began the quest for the Orb.
     0 | D:1      | Reached XP level 1. HP: 9/9 MP: 5/5
   197 | D:1      | Reached XP level 2. HP: 11/13 MP: 0/7
   667 | D:1      | Reached XP level 3. HP: 9/16 MP: 5/8
   734 | D:1      | Found a faded altar of an unknown god.
  1046 | D:1      | Learned a level 2 spell: Mercury Vapours
  1109 | D:1      | Prayed at the altar of an unknown god.
  1109 | D:1      | Became a worshipper of Lugonu the Unformed
  1109 | D:1      | Reached * piety under Lugonu
  1364 | D:2      | Reached skill level 1 in Conjurations
  1492 | D:2      | Reached XP level 4. HP: 21/21 MP: 7/10
  1533 | D:2      | Reached ** piety under Lugonu
  1899 | D:3      | Learned a level 3 spell: Mephitic Cloud
  2341 | D:3      | Found an ancient bone altar of Kikubaaqudgha.
  2769 | D:3      | Reached XP level 5. HP: 24/24 MP: 9/11
  2920 | D:3      | Gained mutation: You have hidden genetic potential. [potion
                  | of mutation]
  2920 | D:3      | Gained mutation: You passively dampen the noise of your
                  | surroundings. [potion of mutation]
  3177 | D:4      | Reached XP level 6. HP: 24/29 MP: 6/13
  3209 | D:4      | Reached skill level 5 in Alchemy
  3458 | D:4      | Upgraded the game from 0.32-a0-899-geb5ba95c15 to
                  | 0.32-a0-913-g739538afd8
  3459 | D:4      | Lost mutation: You have hidden genetic potential. [potion
                  | of mutation]
  3459 | D:4      | Lost mutation: You passively dampen the noise of your
                  | surroundings. [potion of mutation]
  3459 | D:4      | Gained mutation: You are partially covered in iridescent
                  | scales. (AC +2) [potion of mutation]
  3459 | D:4      | Gained mutation: You passively map a small area around you.
                  | [potion of mutation]
  3459 | D:4      | Gained mutation: You passively map the area around you.
                  | [potion of mutation]
  3738 | D:5      | Entered Level 5 of the Dungeon
  3781 | D:5      | Reached skill level 1 in Short Blades
  3788 | D:5      | Found a snail-covered altar of Cheibriados.
  3789 | D:5      | Found a glowing silver altar of Zin.
  3860 | D:5      | Reached skill level 1 in Fighting
  3860 | D:5      | Reached skill level 5 in Spellcasting
  3911 | D:5      | Reached *** piety under Lugonu
  4023 | D:5      | Noticed Prince Ribbit
  4054 | D:5      | Found a bloodstained altar of Trog.
  4056 | D:5      | Found a hazy altar of Hepliaklqana.
  4106 | D:5      | Reached XP level 7. HP: 33/33 MP: 10/15
  4532 | D:5      | Slain by Prince Ribbit

Illustrated notes

Levels and vault maps discovered:
D:1:      ncdulo_smallfort, layout_basic,
          shapermc_ecumenical_altar_starsandcircs, minmay_bisected
D:2:      layout_basic, grunt_decor_mini_mirrors, st_stairs_12
D:3:      layout_loops_corners, nicolae_kikubaaqudgha_miasma_corner
D:4:      layout_cave_pools, dreamdust_gnoll_farm
D:5:      layout_basic, nicolae_overflow_hidden_temple, uniq_prince_ribbit1,
          uniq_blork_the_orc

Skill      XL: |  1  2  3  4  5  6  7 |
---------------+----------------------+-----
Spellcasting   | 3 4 5 |  5.3
Alchemy        | 4 5 |  5.6
Conjurations   | 1 2 |  2.2
Stealth        | 4 |  4.8
Dodging        | 3 |  3.6
Short Blades   | 1 2 |  2.1
Fighting       | 1 |  1.3
Polearms       | |  0.1
Throwing       | |  0.2
Unarmed Combat | |  0.1
Air Magic      | |  0.5
Evocations     | |  0.3

Action                     |  1- 3 |  4- 6 |  7- 9 || total
---------------------------+-------+-------+-------++-------
  Melee: Unarmed           |    35 |       |       ||    35
         Short sword       |     5 |       |    15 ||    20
         Spear             |    21 |    10 |       ||    31
         Dagger            |       |    46 |    11 ||    57
         Flail             |       |     1 |       ||     1
  Throw: Boomerang         |     8 |       |       ||     8
   Cast: Sting             |    52 |    96 |    12 ||   160
         Mercury Vapours   |     1 |     6 |     4 ||    11
         Mephitic Cloud    |       |     3 |     3 ||     6
  Evoke: Wand              |       |     2 |       ||     2
    Use: Scroll            |     3 |     5 |     1 ||     9
         Potion            |       |     2 |       ||     2
   Stab: Sleeping          |     1 |     2 |       ||     3
         Confused          |       |       |     2 ||     2
 Armour: Robe              |    33 |    25 |    12 ||    70
  Dodge: Dodged            |    71 |    44 |    19 ||   134

Table legend: (Time is in decaauts)
 A = Elapsed time spent in this place.
 B = Non-inter-level travel time spent in this place.
 C = Inter-level travel time spent in this place.
 D = Time resting spent in this place.
 E = Time spent auto-exploring this place.
 F = Levels seen in this place.
 G = Mean time per level.
                   A        B        C        D        E       F      G
               +--------+--------+--------+--------+--------+-----+--------+
         Total |   3128 |   3079 |     49 |     24 |   1302 |   5 |  625.6 |
       Dungeon |   3128 |   3079 |     49 |     24 |   1302 |   5 |  625.6 |
               +--------+--------+--------+--------+--------+-----+--------+

Top non-repeatable levels by time:
     D:1: 788 daAuts
     D:3: 767 daAuts
     D:2: 534 daAuts
     D:5: 523 daAuts
     D:4: 514 daAuts
